 Dungeon Crawl Stone Soup version 0.28.0-43-g3370ac3207 (webtiles) character file.

Game seed: 14389121318711065544

126 Zeld the Magician (level 4, -4/24 HPs)
             Began as a Deep Elf Fire Elementalist on Mar 11, 2022.
             Killed from afar by an orc wizard (7 damage)
             ... with a magic dart
             ... on level 3 of the Dungeon.
             The game lasted 00:05:09 (3698 turns).

Zeld the Magician (Deep Elf Fire Elementalist)      Turns: 3698, Time: 00:05:10

Health: -4/24      AC:  3    Str:  5    XL:     4   Next: 83%
Magic:  7/12       EV: 13    Int: 22    God:
Gold:   72         SH:  0    Dex: 15    Spells: 4/11 levels left

rFire   . . .      SeeInvis .   (no weapon)
rCold   . . .      Faith    .   (no shield)
rNeg    . . .      Spirit   .   a - +0 robe
rPois   .          Reflect  .   j - +0 helmet
rElec   .          Harm     .   (no cloak)
rCorr   .          Rampage  .   (no gloves)
Will    .....                   (no boots)
Stlth   ++........              (no amulet)
HPRegen 0.08/turn               (no ring)
MPRegen 0.13/turn               (no ring)

@: no status effects
A: no striking features
a: no special abilities


You were on level 3 of the Dungeon.
You visited 1 branch of the dungeon, and saw 3 of its levels.

You collected 72 gold pieces.

Inventory:

Armour
 a - a +0 robe (worn)
 j - a +0 helmet (worn)
Scrolls
 c - a scroll of blinking {unknown}
 d - a scroll of holy word {unknown}
 e - a scroll of immolation {unknown}
 f - 3 scrolls of identify {unknown}
 g - a scroll of fog {unknown}
Potions
 b - a potion of mutation {unknown}
 i - a potion of flight {unknown}
Miscellaneous
 h - a piece from Xom's chessboard (15/15)


   Skills:
 + Level 3.1 Dodging
 + Level 3.1 Stealth
 * Level 4.4 Spellcasting
 + Level 2.1 Conjurations
 * Level 4.4 Fire Magic


You had 4 spell levels left.
You knew the following spells:

 Your Spells              Type           Power      Damage    Failure   Level
a - Foxfire               Conj/Fire      76%        2x1d7     2%          1
b - Scorch                Fire           48%        2d7       2%          2
c - Flame Wave            Conj/Fire      19%        2d6       26%         4

Your spell library contained the following spells:

 Spells                   Type           Power      Damage    Failure   Level
 Conjure Flame            Conj/Fire      19%        6-21      9%          3
 Inner Flame              Hex/Fire       14%        N/A       13%         3


Dungeon Overview and Level Annotations

Branches:
Dungeon (3/15)

Altars:
Qazlal
Xom


Message History

There are monsters nearby!
Casting: Foxfire (safe; 2% risk of failure)
Confirm with . or Enter, or press ? or * to list all spells.
Flames lash something.
Casting: Scorch (safe; 2% risk of failure)
Confirm with . or Enter, or press ? or * to list all spells.
Flames lash something.
The orc priest begins to cast a cantrip, but forgets the words!
The orc hits you with a +0 falchion.
Unknown command.
Casting: Scorch (safe; 2% risk of failure)
Confirm with . or Enter, or press ? or * to list all spells.
Flames lash the orc.
You kill the orc!
Something barely misses you.
The orc priest mumbles some strange prayers to Beogh against you.
Beogh smites you!
Ouch! That really hurt!
* * * LOW HITPOINT WARNING * * *
Casting: Scorch (safe; 2% risk of failure)
Confirm with . or Enter, or press ? or * to list all spells.
You can't see any susceptible monsters within range! (Use Z to cast anyway.)
Casting: Scorch (safe; 2% risk of failure)
Confirm with . or Enter, or press ? or * to list all spells.
You can't see any susceptible monsters within range! (Use Z to cast anyway.)
The orc priest mumbles some strange prayers to Beogh against you.
Something writhes in agony!
Something hits you.
* * * LOW HITPOINT WARNING * * *
Unknown command.
The orc priest calls down the wrath of Beogh upon you.
You hear some strange, mumbled words.
A puff of flame appears from out of thin air!
The puff of flame misses you.
There is an open door here.
Items here: )) ÷÷.
Things that are here:
a +1 short sword of holy wrath; a +0 leather armour; an orc skeleton A magic dart appears from out of thin air!
The magic dart hits you!
You die...

#......o## #....#
##.....## #.# ##÷..##
#.# ##o######### #.# #.#
#.....# #.# #########{#
#.....####.#
#.........###..........#
#.######...##.....######
#.####.#####@....#....>#
#.........###...####.###
######.##.#
#..#####.#####
##.##.###............#
#................###.#
#............#####
#.......≈....##
#.≈≈≈≈≈..≈....######.#
#..≈≈≈≈≈≈≈≈≈.........#


You could see an orc priest.

Vanquished Creatures
  5 adders
  2 worms (D:2)
  2 dart slugs (D:1)
  4 orcs (D:3)
  5 endoplasms
  3 giant cockroaches (D:1)
  4 goblins (D:1)
  5 hobgoblins
  9 jackals
  A quokka (D:1)
  6 ball pythons
  7 bats
  2 frilled lizards
  3 kobolds
  6 rats
64 creatures vanquished.

Vanquished Creatures (collateral kills)
  2 foxfires
2 creatures vanquished.

Vanquished Creatures (others)
  262 foxfires
  11 plants (D:3)
273 creatures vanquished.

Grand Total: 339 creatures vanquished

Notes
Turn   | Place    | Note
-------+----------+-------------------------------------------
     0 | D:1      | Zeld the Deep Elf Fire Elementalist began the quest for the
                  | Orb.
     0 | D:1      | Reached XP level 1. HP: 10/10 MP: 6/6
   362 | D:1      | Reached XP level 2. HP: 15/15 MP: 1/8
   433 | D:1      | Found a faded altar of an unknown god.
   451 | D:1      | Learned a level 2 spell: Scorch
  1006 | D:1      | Reached XP level 3. HP: 19/19 MP: 3/10
  1815 | D:2      | Reached XP level 4. HP: 24/24 MP: 8/12
  1882 | D:2      | Learned a level 4 spell: Flame Wave
  2872 | D:3      | Found a shimmering altar of Xom.
  3037 | D:3      | Found a stormy altar of Qazlal.
  3698 | D:3      | Killed from afar by an orc wizard

Illustrated notes

Levels and vault maps discovered:
D:1:      dpeg_arrival_three_same_balls, layout_basic,
          shapermc_ecumenical_altar_mp_ritualfount
D:2:      layout_basic, hex_tiny, minmay_ruptured
D:3:      layout_loops_corners, nicolae_qazlal_general_emergency,
          xom_butterflies, serial_bayou_lagoon_a, uniq_robin

Skill      XL: |  1  2  3  4 |
---------------+-------------+-----
Spellcasting   | 4 |  4.4
Fire Magic     | 4 |  4.4
Dodging        | 3 |  3.1
Stealth        | 3 |  3.1
Conjurations   | 2 |  2.1

Action                   |  1- 3 |  4- 6 || total
-------------------------+-------+-------++-------
Melee: Unarmed           |     5 |       ||     5
 Cast: Foxfire           |   100 |    71 ||   171
       Scorch            |     5 |    13 ||    18
Armor: Robe              |     6 |     2 ||     8
Dodge: Dodged            |    17 |     5 ||    22
